 Dungeon Crawl Stone Soup version 0.21.1-1-g345015fe64 (webtiles) character file.

504 ImError the Cudgeler (level 6, -1/62 HPs)
             Began as a Troll Monk on Apr 29, 2018.
             Was a Priest of Wu Jian.
             Slain by a scorpion (4 damage)
             ... on level 4 of the Dungeon.
             The game lasted 00:17:43 (3901 turns).

ImError the Cudgeler (Troll Monk)                   Turns: 3901, Time: 00:17:44

Health: -1/62      AC:  5    Str: 20    XL:     6   Next: 96%
Magic:  5/5        EV: 11    Int:  4    God:    Wu Jian [***...]
Gold:   158        SH:  0    Dex: 14    Spells: 5/5 levels left

rFire    + + .     SeeInvis .   a - +0 mace
rCold    . . .     Gourm    +   (no shield)
rNeg     . . .     Faith    .   b - +0 robe
rPois    .         Spirit   .   (helmet restricted)
rElec    .         Reflect  .   (no cloak)
rCorr    .         Harm     .   (gloves unavailable)
MR       .....                  (boots unavailable)
Stlth    ++........             (no amulet)
HPRegen  0.60/turn              h - ring of protection from fire
MPRegen  0.09/turn              (no ring)

@: no status effects
A: large, unfitting armour, claws 3, dopey 1, fire resistance 1, fast metabolism
3, gourmand, regeneration 1, shaggy fur 1, tough skin 2, MP-powered wands
a: Wall Jump, Serpent's Lash, Renounce Religion


You were on level 4 of the Dungeon.
You worshipped Wu Jian.
Wu Jian was most pleased with you.
You were full.

You visited 1 branch of the dungeon, and saw 5 of its levels.

You collected 158 gold pieces.

Inventory:

Hand Weapons
 a - a +0 mace (weapon)
Armour
 b - a +0 robe (worn)
Jewellery
 h - a ring of protection from fire (left claw)
Wands
 m - a wand of polymorph (16)
 o - a wand of enslavement (14)
Scrolls
 f - a scroll of blinking
 g - 3 scrolls of fear
 i - a scroll of magic mapping {unknown}
 k - 2 scrolls of teleportation {unknown}
 n - 2 scrolls of remove curse
 q - 3 scrolls of amnesia {unknown}
Potions
 d - a potion of ambrosia {unknown}
 e - a potion of magic
 j - a potion of haste
 l - 2 potions of heal wounds {unknown}
 r - a potion of might {unknown}
 s - a potion of degeneration {unknown}
Comestibles
 c - 7 rations


   Skills:
 + Level 3.7 Fighting
 + Level 5.1 Maces & Flails
 + Level 3.7 Dodging
 - Level 1.6 Stealth
 - Level 0.5 Unarmed Combat


You had 5 spell levels left.
You didn't know any spells.

Dungeon Overview and Level Annotations

Branches:
Dungeon (5/15)
 Temple: D:4-7

Altars:
Wu Jian


Innate Abilities, Weirdness & Mutations

You are too large for most types of armour.
You have claws for hands.
Your metabolism is lightning-fast.
You like to eat raw meat.
Your natural rate of healing is unusually fast.
You are covered in fur. (AC +1)
You have very tough skin. (AC +2)
You are dopey. (Int -2)
Your flesh is heat resistant. (rF+)
You expend magic power (3 MP) to strengthen your wands.


Message History

The scorpion stings you.
* * * LOW HITPOINT WARNING * * *
You hit the scorpion.
The scorpion is severely wounded.
The scorpion stings you.
* * * LOW HITPOINT WARNING * * *
You hit the scorpion but do no damage.
The scorpion is severely wounded.
The scorpion barely misses you.
You hit the scorpion but do no damage.
The scorpion is severely wounded.
The scorpion stings you!
* * * LOW HITPOINT WARNING * * *
You hit the scorpion.
The scorpion is almost dead.
The scorpion stings you but does no damage.
You hit the scorpion but do no damage.
The scorpion is almost dead.
The scorpion closely misses you. The scorpion stings you.
You die...

### #.#############
#.............#
#.###########.################
#.##.....# #....@s.).........#
#.##.###.###..#..........#.###
#.##.# #......#.########.#.#
#.##.######...#.#......#.#.#
#.#.............#.####.#.#.#
#.###########.#.#.####.#.#.######
.......................#.#.......
#############.###.######.#.######
......#.........>................


You could see a scorpion.

Vanquished Creatures
  Grinder (D:3)
  A scorpion (D:4)
  A crimson imp (D:4)
  A hound (D:4)
  3 worker ants (D:4)
  A hound zombie (D:5)
  Robin (D:2)
  3 adders (D:4)
  An ooze (D:2)
  A worm (D:3)
  A dart slug (D:1)
  A leopard gecko (D:5)
  2 orcs
  11 bats
  2 giant cockroaches
  16 goblins
  7 hobgoblins
  8 jackals
  3 ball pythons
  4 frilled lizards
  4 kobolds
  A leopard gecko skeleton (D:4)
  5 rats
79 creatures vanquished.

Notes
Turn   | Place    | Note
-------+----------+-------------------------------------------
     0 | D:1      | ImError the Troll Monk began the quest for the Orb.
     0 | D:1      | Reached XP level 1. HP: 22/22 MP: 0/0
   248 | D:1      | Reached XP level 2. HP: 26/29 MP: 1/1
   358 | D:1      | You fall through a shaft!
   430 | D:2      | Reached skill level 3 in Maces & Flails
   570 | D:2      | Noticed Robin
   576 | D:2      | Reached XP level 3. HP: 36/36 MP: 2/2
   594 | D:1      | Gained mutation: You are occasionally teleported next to monsters. [potion of mutation]
   594 | D:1      | Gained mutation: You have large cloven feet. [potion of mutation]
   594 | D:1      | Gained mutation: Your movements are slightly less encumbered by armour. (ER -2) [potion of mutation]
   675 | D:1      | Lost mutation: You are occasionally teleported next to monsters. [potion of mutation]
   675 | D:1      | Lost mutation: Your movements are slightly less encumbered by armour. (ER -2) [potion of mutation]
   675 | D:1      | Lost mutation: You have large cloven feet. [potion of mutation]
   675 | D:1      | Gained mutation: You expend magic power (3 MP) to strengthen your wands. [potion of mutation]
   675 | D:1      | Gained mutation: You are dopey. (Int -2) [potion of mutation]
   675 | D:1      | Gained mutation: Your flesh is heat resistant. (rF+) [potion of mutation]
  1051 | D:2      | Found an ornate altar of the Wu Jian Council.
  1065 | D:2      | Became a worshipper of the Wu Jian Council
  1065 | D:2      | Reached * piety under Wu Jian
  1065 | D:2      | Reached ** piety under Wu Jian
  1460 | D:2      | Killed Robin
  1511 | D:2      | Reached XP level 4. HP: 44/44 MP: 3/3
  2025 | D:3      | Noticed Grinder
  2031 | D:3      | Paralysed by Grinder for 6 turns
  2048 | D:3      | Killed Grinder
  2048 | D:3      | Reached skill level 4 in Maces & Flails
  2048 | D:3      | Reached XP level 5. HP: 43/53 MP: 4/4
  2048 | D:3      | Reached XP level 6. HP: 49/61 MP: 5/5
  2397 | D:4      | Reached *** piety under Wu Jian
  2931 | D:4      | Reached skill level 5 in Maces & Flails
  3613 | D:5      | Entered Level 5 of the Dungeon
  3891 | D:4      | HP: 3/62 [scorpion (5)]
  3899 | D:4      | HP: 2/62 [scorpion (9)]
  3901 | D:4      | Slain by a scorpion

Skill      XL: |  1  2  3  4  5  6 |
---------------+-------------------+-----
Maces & Flails | 3 4 5 |  5.1
Fighting       | 3 |  3.7
Dodging        | 3 |  3.7
Stealth        | |  1.6
Unarmed Combat | |  0.5

Action                   |  1- 3 |  4- 6 || total
-------------------------+-------+-------++-------
Melee: Mace              |   145 |   204 ||   349
       Unarmed           |       |     5 ||     5
       Punch             |       |     1 ||     1
Invok: Whirlwind         |     8 |    28 ||    36
       Lunge             |     6 |    11 ||    17
       Wall Jump         |     2 |    15 ||    17
  Use: Potion            |     2 |     2 ||     4
       Scroll            |       |     5 ||     5
 Stab: Sleeping          |     5 |     5 ||    10
       Confused          |       |     1 ||     1
  Eat: Chunk             |    15 |    23 ||    38
Armor: Robe              |    63 |    58 ||   121
       Skin              |       |     1 ||     1
Dodge: Dodged            |    99 |   138 ||   237
